 Dungeon Crawl Stone Soup version 0.25-a0-665-ga69d640 (webtiles) character file.

Game seed: 9483952765722983683, levelgen mode: deterministic

140896 robertstho the Impaler (level 17, -10/147 HPs)
             Began as a Merfolk Gladiator on Mar 26, 2020.
             Was the Champion of Okawaru.
             Mangled by a snapping turtle (36 damage)
             ... on level 1 of the Shoals.
             The game lasted 01:26:08 (33183 turns).

robertstho the Impaler (Merfolk Gladiator)         Turns: 33183, Time: 01:26:09

Health: -10/147    AC: 38    Str: 20    XL:     17   Next: 31%
Magic:  21/25      EV: 16    Int: 12    God:    Okawaru [******]
Gold:   2304       SH:  0    Dex: 18    Spells: 16/16 levels left

rFire    + . .     SeeInvis .   H - +7 demon trident of Inference {elec, Stlth+}
rCold    + + .     Gourm    .   i - +2 shield of Resistance {rF+ rC+ MR+}
rNeg     . . .     Faith    .   v - +16 plate armour "Jent" {rC+ MR- Dex+2}
rPois    .         Spirit   .   N - +1 hat {MR+}
rElec    +         Reflect  .   F - +0 cloak {+Inv}
rCorr    .         Harm     .   M - +0 pair of gloves
MR       ++...                  D - +0 pair of boots {Fly}
Stlth    +.........             w - amulet of the acrobat
HPRegen  0.34/turn              (no ring)
MPRegen  0.19/turn              J - ring "Rudd" {rElec Int+4 Stlth+}

@: mighty, sleeping, heroism, finesse, flying, very slightly contaminated,
heavily drained
A: change form in water, swift swim, stealthy swim
a: Heroism, Finesse, Renounce Religion, Evoke Invisibility, Stop Flying


You were on level 1 of the Shoals.
You worshipped Okawaru.
Okawaru was exalted by your worship.
You were not hungry.

You visited 6 branches of the dungeon, and saw 27 of its levels.
You also visited: Ossuary and Ice Cave.

You collected 3019 gold pieces.
You spent 715 gold pieces at shops.

Inventory:

Hand Weapons
 B - the +0 bardiche of the Madman {antimagic, Str+4 Dex+2}
   (Okawaru gifted it to you on level 14 of the Dungeon)

   It reduces the magical energy of the wielder, and disrupts the spells and
   magical abilities of those hit.
   Natural abilities and divine invocations are not affected.
   It affects your strength (+4).
   It affects your dexterity (+2).
 E - a +0 glaive
 H - the +7 demon trident of Inference (weapon) {elec, Stlth+}
   (Okawaru gifted it to you on level 12 of the Dungeon)

   Occasionally, upon striking a foe, it will discharge some electrical energy
   and cause terrible harm.
   It makes you more stealthy.
Missiles
 d - 3 throwing nets (quivered)
 o - 78 poisoned darts
Armour
 e - a +8 plate armour of ponderousness
 i - the +2 shield of Resistance (worn) {rF+ rC+ MR+}
   (You found it on level 11 of the Dungeon)

   It protects you from fire.
   It protects you from cold.
   It affects your resistance to hostile enchantments.
 v - the +16 plate armour "Jent" (worn) {rC+ MR- Dex+2}
   (You bought it in a shop on level 2 of the Orcish Mines)

   It affects your dexterity (+2).
   It protects you from cold.
   It affects your resistance to hostile enchantments.
 D - a +0 pair of boots of flying (worn)
 F - a +0 cloak of invisibility (worn)
 M - a +0 pair of gloves (worn)
 N - a +1 hat of magic resistance (worn)
Jewellery
 s - an uncursed ring of see invisible
 w - an amulet of the acrobat (around neck)
 C - an uncursed ring of magical power
 I - an uncursed ring of protection from cold
 J - the ring "Rudd" (right hand) {rElec Int+4 Stlth+}
   (You took it off a centaur on level 7 of the Dungeon)

   [ring of stealth]

   It affects your intelligence (+4).
   It insulates you from electricity.
   It makes you more stealthy.
 O - an uncursed ring of protection from cold
Wands
 c - a wand of flame (27)
 g - a wand of iceblast (2)
 l - a wand of disintegration (27)
 y - a wand of paralysis (10)
 A - a wand of digging (8)
 P - a wand of clouds (5)
 Q - a wand of acid (5)
Scrolls
 a - 6 scrolls of identify
 b - a scroll of fog
 h - 3 scrolls of enchant weapon
 j - 3 scrolls of magic mapping
 k - a scroll of blinking
 n - 10 scrolls of immolation
 p - 3 scrolls of enchant armour
 r - 13 scrolls of remove curse
 K - 2 scrolls of vulnerability
 V - a scroll of teleportation
Potions
 m - a potion of heal wounds
 q - 2 potions of resistance
 t - 2 potions of lignification
 u - 6 potions of flight
 x - a potion of ambrosia
 G - 2 potions of magic
 R - a potion of curing
 T - a potion of cancellation
Miscellaneous
 U - a box of beasts
Comestibles
 f - 39 rations
 L - 5 chunks of flesh


   Skills:
 * Level 17.2(20.1) Fighting
 + Level 18.0(20.9) Polearms
 + Level 2.3(5.8) Throwing
 * Level 11.5(14.6) Armour
 * Level 14.6(17.6) Dodging
 - Level 0.8(4.3) Stealth
 + Level 7.9(11.2) Shields
 * Level 11.2(9.5) Invocations
 + Level 1.5(0.2) Evocations


You had 16 spell levels left.
You didn't know any spells.
Your spell library contained the following spells:

 Spells                   Type           Power        Failure   Level  Hunger
 Beastly Appendage        Tmut           #.....       99%         1    ##.....
 Summon Small Mammal      Summ           #...         99%         1    ##.....
 Call Imp                 Summ           #.......     100%        2    ###....
 Sticks to Snakes         Tmut           #.......     100%        2    ###....
 Call Canine Familiar     Summ           #.......     100%        3    ####...
 Spider Form              Tmut/Pois      #.........   100%        3    ####...
 Summon Guardian Golem    Hex/Summ       #.......     100%        3    ####...
 Ice Form                 Ice/Tmut       #.......     100%        4    #####..
 Summon Ice Beast         Ice/Summ       #.......     100%        4    #####..
 Summon Lightning Spire   Summ/Air       #.......     100%        4    #####..
 Blade Hands              Tmut           #.........   100%        5    ######.


Dungeon Overview and Level Annotations

Branches:
Dungeon (15/15)            Temple (1/1) D:6            Lair (6/6) D:11
 Shoals (1/4) Lair:3       Spider (0/4) Lair:4        Slime (0/5) Lair:5
    Orc (2/2) D:9             Elf (2/3) Orc:2        Vaults (0/5) D:13
 Depths (0/5) D:15        Ossuary (visited)           IceCv (visited)

Altars:
Ashenzari
Cheibriados
Dithmenos
Elyvilon
Fedhas
Gozag
Hepliaklqana
Kikubaaqudgha
Makhleb
Nemelex Xobeh
Okawaru
Qazlal
Ru
Sif Muna
Trog
Uskayaw
Vehumet
Wu Jian
Yredelemnul
Zin
The Shining One
Beogh

Shops:
D:7 !**   D:8 !   D:13 *   Orc:2 %([[   Elf:2 (

Annotations:
D:6 2 transporters, pkoi's ghost, novice MiMo
D:11 1 runed translucent door


Message History

The water elemental is severely damaged.
You puncture the water elemental!
You destroy the water elemental!
Okawaru accepts your kill.
The snapping turtle completely misses you.
You block the dream sheep's attack.
The snapping turtle bites you but does no damage.
Your shield and plate armour "Jent" prevent you from hitting the dream sheep.
The cyclops throws a large rock.
The large rock hits you!!
* * * LOW HITPOINT WARNING * * *
You hear a splash.
You impale the dream sheep!!
You kill the dream sheep!
Okawaru accepts your kill.
You impale the cyclops!! Lightning courses through the cyclops!
The cyclops is heavily wounded.
The dream sheep shake their wool and sparkle.
You feel drowsy...
You fall asleep.
The snapping turtle bites you from afar!!!
You die...

≈≈..≈≈≈.......≈≈≈≈≈≈≈≈
..≈≈≈≈..(≈....>≈≈≈≈≈≈≈≈.
...≈.....≈≈.≈≈≈≈≈≈≈≈≈≈≈≈
≈≈.≈.≈..≈≈Y≈≈C≈≈≈≈≈≈≈≈≈≈
≈≈≈≈≈≈≈≈≈≈≈≈≈≈≈≈≈≈≈≈≈≈PP
≈≈≈≈≈≈≈≈≈≈≈≈≈≈)≈≈≈≈≈≈≈≈≈
≈≈≈≈≈≈≈≈Y≈≈≈≈≈≈≈≈≈≈≈P≈≈≈
≈≈≈≈≈≈≈≈Ct≈≈≈≈≈≈≈≈≈≈≈≈≈
≈≈≈≈≈≈≈@≈≈≈≈≈≈≈≈≈≈
≈≈≈≈≈≈≈≈≈≈≈≈≈≈≈≈≈≈
≈≈≈≈≈≈≈≈≈≈≈≈≈≈≈≈≈≈
≈≈≈≈≈≈≈≈≈≈≈≈≈≈≈≈≈≈
≈≈≈≈≈≈≈≈≈≈≈≈≈≈≈≈≈≈
≈≈≈≈≈≈≈≈≈≈≈≈≈≈≈≈≈≈
≈≈≈≈≈≈≈≈≈≈≈≈≈≈≈≈≈
≈≈≈≈≈≈≈≈≈≈≈≈≈≈≈≈
###############


You could see a snapping turtle, 2 cyclopes and 2 dream sheep.

Vanquished Creatures
  A deep elf blademaster (Elf:2)
  A frost giant (Shoals:1)
  The ghost of snetch the Severer, a journeyman MiBe of Trog (Orc:2)
  An ironheart preserver (D:13)
  A deep elf demonologist (Elf:1)
  An ettin (D:12)
  2 fire dragons (D:11)
  5 hydras
  Fannar (Orc:1)
  4 ice dragons
  The ghost of mojowtm the Cleaver, a journeyman CeHu of Okawaru (D:12)
  A catoblepas (D:13)
  An alligator snapping turtle (Shoals:1)
  4 centaur warriors
  A death knight (D:11)
  20 dancing weapons
  3 death yaks (Lair:5)
  A queen ant (Lair:2)
  An ogre mage (D:12)
  10 two-headed ogres
  5 orc high priests (Orc:2)
  8 deep elf knights
  2 skeletal warriors
  5 sea snakes
  4 unseen horrors
  5 deep elf archers
  A wizard (D:14)
  11 orc knights
  5 ugly things
  47 deep elf magi
  4 manticores
  4 cyclopes
  2 merfolk sirens
  7 black mambas
  3 elephants (Lair:6)
  2 ice statues (IceCv)
  13 spiny frogs
  2 gargoyles
  An efreet (D:15)
  A kobold demonologist (D:13)
  5 rime drakes
  A freezing wraith (D:11)
  8 komodo dragons
  A tengu conjurer (D:13)
  8 trolls
  A wind drake (shapeshifter) (Elf:2)
  A merfolk (Shoals:1)
  A polar bear (Lair:3)
  5 slime creatures
  5 hornets
  11 hippogriffs
  4 blink frogs (Lair:1)
  A snapping turtle (Shoals:1)
  A dream sheep (Shoals:1)
  7 wraiths
  2 fire elementals (Elf:2)
  2 shadows
  A vampire (D:13)
  5 water elementals
  An air elemental (Elf:1)
  3 wyverns (Lair:6)
  2 basilisks
  A human (D:7)
  3 hogs (D:7)
  22 yaks
  7 vampire mosquitoes
  3 wargs (Orc:2)
  A steam dragon (D:12)
  2 hungry ghosts
  20 soldier ants (Lair:2)
  A soldier ant (shapeshifter) (D:13)
  13 water moccasins
  6 porcupines
  2 sky beasts
  2 phantoms
  24 ice beasts
  48 orc warriors
  2 black bears
  A necrophage (D:15)
  An eye of draining (D:11)
  14 ogres
  4 wolves (Lair:3)
  18 centaurs
  16 crocodiles
  A big kobold (D:9)
  Blork the orc (D:4)
  19 bullfrogs
  2 earth elementals
  2 wyvern zombies
  A wyvern skeleton (D:12)
  5 scorpions
  2 vampire bats (Orc:1)
  14 killer bees
  11 wights
  2 howler monkeys (D:9)
  4 crimson imps
  4 centaur zombies
  5 bullfrog zombies
  5 hounds
  A quasit (D:12)
  35 orc priests
  38 orc wizards
  6 centaur skeletons
  7 jellies
  Jessica (D:2)
  5 iguanas
  Natasha (thrice) (D:2)
  33 worker ants
  A killer bee zombie (D:9)
  2 mummies
  A hound skeleton (D:9)
  A worker ant zombie (D:6)
  12 adders
  4 gnolls (D:10)
  3 shadow imps
  An adder skeleton (D:4)
  2 adder zombies (Ossuary)
  6 worms
  4 leopard geckos
  153 orcs
  3 ball pythons
  14 bats
  4 giant cockroaches
  10 hobgoblins
  19 jackals
  10 kobolds
  6 quokkas
  2 ball python skeletons (Ossuary)
  7 frilled lizards
  10 goblins
  2 hobgoblin zombies (Ossuary)
  A jackal skeleton (D:6)
  7 orc zombies
  2 quokka skeletons
  10 rats
984 creatures vanquished.

Vanquished Creatures (others)
  A deep elf mage (Elf:1)
  An orc wizard (D:12)
  11 fungi
  30 plants
43 creatures vanquished.

Grand Total: 1027 creatures vanquished

Notes
Turn   | Place    | Note
-------+----------+-------------------------------------------
     0 | D:1      | robertstho the Merfolk Gladiator began the quest for the
                  | Orb.
     0 | D:1      | Reached XP level 1. HP: 16/16 MP: 1/1
   221 | D:1      | Reached XP level 2. HP: 20/22 MP: 2/2
   349 | D:1      | Reached skill level 5 in Polearms
   656 | D:1      | Reached XP level 3. HP: 13/28 MP: 3/3
   974 | D:2      | Noticed Jessica
   983 | D:2      | Killed Jessica
  1042 | D:2      | Reached XP level 4. HP: 31/34 MP: 4/4
  1065 | D:2      | Found a glowing silver altar of Zin.
  1230 | D:2      | Reached skill level 6 in Polearms
  1240 | D:2      | Noticed Natasha
  1246 | D:2      | Killed Natasha
  1253 | D:2      | Reached XP level 5. HP: 33/39 MP: 5/5
  1302 | D:2      | Noticed Natasha
  1311 | D:2      | Killed Natasha
  1311 | D:2      | Reached skill level 1 in Armour
  1311 | D:2      | Reached skill level 5 in Dodging
  1414 | D:2      | Found a stormy altar of Qazlal.
  1486 | D:2      | Noticed Natasha
  1490 | D:2      | Killed Natasha
  2061 | D:3      | Found an ancient bone altar of Kikubaaqudgha.
  2199 | D:3      | Found a shadowy altar of Dithmenos.
  2364 | D:4      | Reached XP level 6. HP: 44/47 MP: 6/6
  2382 | D:4      | Reached skill level 7 in Polearms
  3193 | D:4      | Found an opulent altar of Gozag.
  3193 | D:4      | Noticed a phantom
  3215 | D:4      | Killed a phantom
  3215 | D:4      | Reached skill level 8 in Polearms
  3215 | D:4      | Reached XP level 7. HP: 52/52 MP: 7/7
  3294 | D:4      | Noticed Blork the orc
  3302 | D:4      | Killed Blork the orc
  3339 | D:5      | Entered Level 5 of the Dungeon
  3426 | D:5      | Found a basalt altar of Yredelemnul.
  3454 | D:5      | Reached skill level 9 in Polearms
  4041 | D:5      | Found a hide-covered altar of Uskayaw.
  4048 | D:5      | Found a snail-covered altar of Cheibriados.
  4050 | D:5      | Found a shimmering blue altar of Sif Muna.
  4135 | D:5      | Reached XP level 8. HP: 59/61 MP: 8/8
  4579 | D:6      | Found a transporter.
  4579 | D:6      | Found a transporter.
  4579 | D:6      | Noticed pkoi's ghost (novice MiMo)
  5063 | D:6      | Reached skill level 5 in Fighting
  5196 | D:6      | Found a sand-covered staircase.
  5207 | Ossuary  | Entered an ossuary
  5257 | Ossuary  | Reached skill level 10 in Polearms
  5307 | Ossuary  | Noticed a flying skull
  5307 | Ossuary  | Noticed a wraith
  5318 | Ossuary  | Noticed a flying skull
  5341 | Ossuary  | Noticed a flying skull
  5364 | Ossuary  | Noticed a flying skull
  5370 | Ossuary  | Noticed a wraith
  5389 | Ossuary  | Killed a wraith
  5402 | Ossuary  | Noticed a wraith
  5411 | Ossuary  | Killed a wraith
  5651 | D:6      | Reached skill level 11 in Polearms
  5869 | D:6      | Reached XP level 9. HP: 38/69 MP: 9/9
  6252 | D:6      | Found a staircase to the Ecumenical Temple.
  6637 | Temple   | Entered the Ecumenical Temple
  6723 | Temple   | Became a worshipper of Warmaster Okawaru
  6846 | D:7      | Found Ukhiomn's General Store.
  6846 | D:7      | Found Alaegat's Assorted Antiques.
  6857 | D:7      | Bought a potion of heal wounds for 55 gold pieces
  6857 | D:7      | Bought a potion of degeneration for 11 gold pieces
  6864 | D:7      | Bought a scroll of identify for 54 gold pieces
  6864 | D:7      | Bought a scroll labeled SUNGIE GYETT for 27 gold pieces
  6864 | D:7      | Bought a yellow potion for 24 gold pieces
  6864 | D:7      | Bought a viscous grey potion for 24 gold pieces
  7223 | D:7      | Reached skill level 1 in Invocations
  7230 | D:7      | Reached skill level 12 in Polearms
  7234 | D:7      | Reached * piety under Okawaru
  7278 | D:7      | Found Duezxu's Food Shop.
  7371 | D:7      | Found Featew's Distillery.
  7416 | D:7      | Bought a potion of flight for 36 gold pieces
  7416 | D:7      | Bought a potion of curing for 36 gold pieces
  7481 | D:7      | Identified the ring "Rudd" {rElec Int+4 Stlth+}
  7614 | D:7      | Reached XP level 10. HP: 79/79 MP: 11/11
  7666 | D:8      | Reached ** piety under Okawaru
  8105 | D:8      | Found Yjayrrulloa's Distillery.
  8121 | D:8      | Found a shimmering altar of Xom.
  8122 | D:8      | Found a shimmering altar of Xom.
  8122 | D:8      | Found a shimmering altar of Xom.
  8127 | D:8      | Found a shimmering altar of Xom.
  8127 | D:8      | Found a shimmering altar of Xom.
  8127 | D:8      | Found a shimmering altar of Xom.
  8128 | D:8      | Found a shimmering altar of Xom.
  8159 | D:8      | Reached skill level 13 in Polearms
  8651 | D:8      | Reached skill level 5 in Armour
  9066 | D:9      | Noticed a two-headed ogre
  9082 | D:9      | Killed a two-headed ogre
  9082 | D:9      | Reached *** piety under Okawaru
  9405 | D:9      | Reached **** piety under Okawaru
  9405 | D:9      | Reached XP level 11. HP: 50/89 MP: 14/14
  9459 | D:9      | Found a transporter.
  9496 | D:9      | Noticed a two-headed ogre
  9520 | D:9      | Killed a two-headed ogre
  9791 | D:9      | Found a staircase to the Orcish Mines.
  9815 | D:9      | Noticed a deep elf mage
  9816 | D:9      | Noticed a cyclops
  9913 | D:9      | Found a transporter.
  9926 | D:9      | Found a runed translucent door.
  9935 | D:9      | Noticed an orc knight
 10065 | D:9      | Noticed an orc knight
 10130 | D:9      | Reached skill level 5 in Invocations
 10155 | D:9      | Killed a cyclops
 10155 | D:9      | Reached skill level 14 in Polearms
 10191 | D:9      | Killed a deep elf mage
 10206 | D:9      | Got a spiked chain mail
 10217 | D:9      | Identified the cursed +0 chain mail of the Jolly Lies {MP+9
                  | Str+3} (You found it on level 9 of the Dungeon)
 11037 | D:9      | Killed an orc knight
 11040 | D:9      | Killed an orc knight
 11040 | D:9      | Reached ***** piety under Okawaru
 11040 | D:9      | Reached skill level 10 in Fighting
 11280 | D:9      | Found a roughly hewn altar of Beogh.
 11336 | D:10     | Entered Level 10 of the Dungeon
 11772 | D:10     | Noticed a two-headed ogre
 11785 | D:10     | Killed a two-headed ogre
 11785 | D:10     | Received a gift from Okawaru
 12924 | D:10     | Reached XP level 12. HP: 96/99 MP: 16/16
 13121 | D:11     | Noticed a five-headed hydra
 13141 | D:11     | Killed a five-headed hydra
 13170 | D:11     | Reached skill level 10 in Dodging
 13266 | D:11     | You fall into a shaft and drop 1 floor!
 13585 | D:12     | Noticed a two-headed ogre
 13592 | D:12     | Killed a two-headed ogre
 13617 | D:12     | Noticed a two-headed ogre
 13617 | D:12     | Noticed a two-headed ogre
 13618 | D:12     | Noticed an ogre mage
 13619 | D:12     | Noticed a two-headed ogre
 13637 | D:12     | Killed a two-headed ogre
 13647 | D:12     | Killed a two-headed ogre
 13653 | D:12     | Killed a two-headed ogre
 13661 | D:12     | Killed an ogre mage
 13661 | D:12     | Reached skill level 15 in Polearms
 14268 | D:11     | Found a staircase to the Lair.
 14512 | D:11     | Noticed a death knight
 14562 | Lair:1   | Entered Level 1 of the Lair of Beasts
 15348 | Lair:1   | Noticed a six-headed hydra
 15364 | Lair:1   | Killed a six-headed hydra
 15364 | Lair:1   | Reached XP level 13. HP: 69/109 MP: 15/18
 15682 | Lair:1   | Received a gift from Okawaru
 16467 | Lair:2   | You fall into a shaft and drop 1 floor!
 16532 | Lair:3   | Received a gift from Okawaru
 16979 | Lair:3   | Found a staircase to the Shoals.
 17368 | Lair:4   | Found a hole to the Spider Nest.
 18333 | Lair:5   | Found a staircase to the Slime Pits.
 18828 | Lair:6   | Entered Level 6 of the Lair of Beasts
 19068 | Lair:6   | Received a gift from Okawaru
 19068 | Lair:6   | Reached skill level 1 in Shields
 19429 | Lair:6   | Reached skill level 1 in Evocations
 19429 | Lair:6   | Reached XP level 14. HP: 52/119 MP: 20/20
 21140 | Lair:2   | Reached skill level 16 in Polearms
 21873 | D:11     | Found a runed translucent door.
 21873 | D:11     | Found a runed translucent door.
 21875 | D:11     | Found the +2 shield of Resistance {rF+ rC+ MR+}
 22804 | D:12     | Found a runed translucent gate.
 22804 | D:12     | Found a runed translucent gate.
 22804 | D:12     | Found a runed translucent gate.
 22808 | D:12     | Found an opulent altar of Gozag.
 22809 | D:12     | Noticed mojowtm's ghost (journeyman CeHu)
 22860 | D:12     | Killed mojowtm's ghost
 23143 | D:12     | Received a gift from Okawaru
 23143 | D:12     | Reached skill level 10 in Armour
 23196 | D:12     | Got a steaming demon trident {god gift}
 23211 | D:12     | Identified the +7 demon trident of Inference {elec, Stlth+}
                  | (Okawaru gifted it to you on level 12 of the Dungeon)
 23779 | Orc:1    | Entered Level 1 of the Orcish Mines
 23779 | Orc:1    | Noticed Fannar
 23800 | Orc:1    | Killed Fannar
 23800 | Orc:1    | Reached XP level 15. HP: 123/127 MP: 21/21
 23921 | Orc:1    | Found a roughly hewn altar of Beogh.
 24141 | Orc:1    | You are sucked into a shaft and drop 1 floor!
 24141 | Orc:2    | Entered Level 2 of the Orcish Mines
 24146 | Orc:2    | Found a staircase to the Elven Halls.
 24164 | Orc:2    | Reached skill level 5 in Shields
 24629 | Orc:2    | Reached skill level 15 in Fighting
 25032 | Orc:2    | Found a runed translucent door.
 25272 | Orc:2    | Noticed snetch's ghost (journeyman MiBe)
 25293 | Orc:2    | Killed snetch's ghost
 25498 | Orc:2    | HP: 2/129 [orc high priest/divine providence (15)]
 25943 | Orc:1    | Received a gift from Okawaru
 26382 | Orc:2    | Found Juussin's Antique Armour Shoppe.
 26382 | Orc:2    | Found Naedelen's Food Shoppe.
 26383 | Orc:2    | Found Gufyedoo's Antique Armour Shoppe.
 26383 | Orc:2    | Found Arphi's Weapon Emporium.
 26391 | Orc:2    | Bought a transparent plate armour for 448 gold pieces
 26401 | Orc:2    | Identified the +16 plate armour "Jent" {rC+ MR- Dex+2} (You
                  | bought it in a shop on level 2 of the Orcish Mines)
 26517 | Elf:1    | Entered Level 1 of the Elven Halls
 26541 | Elf:1    | Found a radiant altar of Vehumet.
 26694 | Elf:1    | Received a gift from Okawaru
 26745 | Elf:1    | Identified the Grimoire of the Escort
 26863 | Elf:1    | Reached ****** piety under Okawaru
 26880 | Elf:1    | Received a gift from Okawaru
 27163 | Elf:1    | Reached skill level 10 in Invocations
 27192 | Elf:1    | Received a gift from Okawaru
 27473 | Elf:1    | Reached XP level 16. HP: 136/138 MP: 23/23
 27546 | Elf:1    | Reached skill level 17 in Polearms
 27719 | Elf:2    | Found a runed translucent gate.
 27720 | Elf:2    | Found a runed translucent gate.
 27721 | Elf:2    | Found a runed translucent gate.
 27944 | Elf:2    | Received a gift from Okawaru
 28307 | Elf:2    | Found Qinyrout's Antique Weapon Shoppe.
 28922 | Elf:2    | Noticed a deep elf blademaster
 28960 | Elf:2    | Killed a deep elf blademaster
 28965 | Elf:2    | Received a gift from Okawaru
 30239 | D:13     | Received a gift from Okawaru
 30247 | D:13     | Found Seokh's Assorted Antiques.
 31004 | D:13     | Found a gate to the Vaults.
 31404 | D:14     | Received a gift from Okawaru
 31415 | D:14     | Got a scorched bardiche {god gift}
 31423 | D:14     | Identified the +0 bardiche of the Madman {antimagic, Str+4
                  | Dex+2} (Okawaru gifted it to you on level 14 of the
                  | Dungeon)
 31537 | D:15     | Entered Level 15 of the Dungeon
 31570 | D:15     | Reached XP level 17. HP: 146/146 MP: 8/25
 31693 | D:15     | Found a frozen archway.
 31723 | IceCv    | Entered an ice cave
 32434 | D:15     | Found a staircase to the Depths.
 32900 | Shoals:1 | Entered Level 1 of the Shoals
 32973 | Shoals:1 | Reached skill level 18 in Polearms
 33183 | Shoals:1 | Mangled by a snapping turtle

Levels and vault maps discovered:
D:1:      minmay_arrival_shattered_statue, layout_basic
D:2:      layout_basic, grunt_qazlal_sundering, lemuel_crystal_altar,
          first_ration, chequers_serial_rivers_small_a, st_stairs_3,
          uniq_natasha, uniq_jessica
D:3:      layout_rooms, overflow_temple_1_default, lemuel_doored_altar,
          minmay_stone_trees_small
D:4:      layout_rooms, overflow_temple_1_default, uniq_blork_the_orc
D:5:      layout_basic, grunt_temple_overflow_open, kennysheep_diamond,
          yredelemnul_altar_generic
D:6:      layout_basic, temple_doors_e, gammafunk_ghost_mausoleum,
          gup_ossuary_entry_pyramid
D:7:      layout_basic, serial_shops, nicolae_shop_trees, shop, shop, shop,
          grunt_livestock
D:8:      layout_rooms, xom_shifter_show, serial_shops,
          nicolae_shop_competitors_out_of_business, special_room
          [special_room_orc], minmay_mini_ossuary
D:9:      gammafunk_the_bubble [the_bubble_gammafunk_split], layout_cave_pools,
          orc_0_dummy, lightli_church_of_beogh
D:10:     layout_big_octagon, centaur_isle
D:11:     layout_loops_ring, lair_entry_dummy, minmay_guarded_unrand_resistance
D:12:     layout_stronghold, ebering_ghost_gozag, minmay_joined_circles
D:13:     layout_irregular_city, skrybe_vaults_entry_preservation, serial_shops,
          nicolae_shop_temple_entry_statues_fountains, grunt_tough_drop
D:14:     kennysheep_four_of_diamonds, layout_gridville, nrook_campfire
D:15:     hangedman_depths_entry_try_elsewhere_first, layout_long_grid,
          serial_shops, shop, portal_ice_cave_rime, st_stairs_8,
          grunt_ministairs_15, serial_bayou_pond_e, lemuel_flamethrower_3
Temple:   dshaligram_water_room_temple
Lair:1:   layout_roguey, lemuel_fruit_fields, serial_bayou_shore_b,
          grunt_megastairs_4
Lair:2:   layout_cave_shapes, minivault_29
Lair:3:   layout_chaotic_city, minmay_shoals_entry_lonely_mermaid
Lair:4:   layout_regular_city, nicolae_spider_entry_non_spiders
Lair:5:   layout_gridlike, minmay_slime_entry_pillars, grunt_megastairs_3,
          serial_bayou_shore_b
Lair:6:   gammafunk_lair_ancient_temple, layout_misc_corridors
Shoals:1: layout_shoals, st_shoals_ruin
Orc:1:    layout_diamond_mine, basic_altar, roderic_batcave, uniq_fannar
Orc:2:    st_orc_pillars, layout_diamond_mine, gammafunk_ghost_grave,
          lemuel_statue_altar
Elf:1:    eino_elf_arrival_altar, layout_onion_city, minmay_elf_demonology,
          grunt_megastairs_2
Elf:2:    layout_onion_city, serial_shops, shop

Skill      XL: |  1  2  3  4  5  6  7  8  9 10 11 12 13 14 15 16 17 |
---------------+----------------------------------------------------+-----
Polearms       | 5 6 8 9 11 12 13 14 15 16 17 18 | 18.0
Armour         | 1 2 3 4 5 7 8 9 10 11 | 11.5
Dodging        | 5 6 7 8 9 10 11 12 13 14 | 14.6
Fighting       | 3 4 5 7 9 10 12 13 14 15 16 17 | 17.2
Invocations    | 2 4 5 7 8 9 10 11 | 11.2
Shields        | 1 4 6 7 |  7.9
Evocations     | 1 |  1.5
Throwing       | |  2.3
Stealth        | |  0.8

Action                   |  1- 3 |  4- 6 |  7- 9 | 10-12 | 13-15 | 16-18 || total
-------------------------+-------+-------+-------+-------+-------+-------++-------
Melee: Trident           |   107 |   291 |   367 |  1028 |  1382 |       ||  3175
       Glaive            |       |       |    83 |       |       |       ||    83
       Tailslap          |       |       |       |     3 |       |       ||     3
       Punch             |       |       |       |     2 |     2 |       ||     4
       Demon trident     |       |       |       |       |   646 |   649 ||  1295
       Bardiche          |       |       |       |       |       |   208 ||   208
Invok: Heroism           |       |       |       |    16 |    23 |     7 ||    46
       Finesse           |       |       |       |       |    10 |     3 ||    13
Evoke: Wand              |       |       |       |     9 |    18 |     2 ||    29
       Box of beasts     |       |       |       |       |       |     1 ||     1
  Use: Scroll            |       |     6 |     5 |    15 |     9 |    13 ||    48
       Potion            |       |     2 |     6 |     3 |    16 |     4 ||    31
 Stab: Confused          |       |       |       |     4 |       |       ||     4
       Invisible         |       |       |       |     6 |     9 |       ||    15
       Distracted        |       |       |       |       |     1 |     1 ||     2
       Paralysed         |       |       |       |       |     8 |       ||     8
  Eat: Chunk             |     1 |     7 |    11 |    22 |    36 |    16 ||    93
       Ration            |       |       |     1 |     2 |     1 |     1 ||     5
Armor: Leather armour    |    31 |       |       |       |       |       ||    31
       Ring mail         |    12 |    68 |     4 |       |       |       ||    84
       Chain mail        |       |       |    96 |     3 |       |       ||    99
       Plate armour      |       |       |    72 |   372 |   129 |   424 ||   997
       Crystal plate arm |       |       |       |       |   571 |       ||   571
Dodge: Dodged            |   116 |   162 |   170 |   562 |   426 |   403 ||  1839
Block: Tower shield      |       |       |       |       |   389 |       ||   389
       Kite shield       |       |       |       |       |   452 |   255 ||   707

Table legend:
 A = Non-vault XP
 B = Vault XP
 C = Vault XP percentage of total XP
 D = Non-vault monster count
 E = Vault monster count
 F = Vault count percentage of total count
                 A         B        C        D         E       F
            +---------+---------+-------+---------+---------+-------
      Total |  108380 |   92900 |  46.2 |     648 |     338 |  34.3
            +---------+---------+-------+---------+---------+-------
        D:1 |      37 |       0 |   0.0 |      25 |       0 |   0.0
        D:2 |     132 |      75 |  36.2 |      24 |       4 |  14.3
        D:3 |      75 |       0 |   0.0 |      29 |       0 |   0.0
        D:4 |     438 |      91 |  17.2 |      20 |       1 |   4.8
        D:5 |     487 |      86 |  15.0 |      10 |       3 |  23.1
        D:6 |     623 |      21 |   3.3 |      19 |       1 |   5.0
        D:7 |    1033 |     938 |  47.6 |      24 |       5 |  17.2
        D:8 |    1797 |     504 |  21.9 |      29 |      25 |  46.3
        D:9 |    4128 |    3639 |  46.9 |      42 |      24 |  36.4
       D:10 |    3237 |     669 |  17.1 |      40 |       6 |  13.0
       D:11 |    6941 |    4070 |  37.0 |      45 |       4 |   8.2
       D:12 |    9581 |    8389 |  46.7 |      42 |      22 |  34.4
       D:13 |    4440 |    5081 |  53.4 |      31 |      13 |  29.5
       D:14 |    5701 |       0 |   0.0 |      10 |       0 |   0.0
       D:15 |    6402 |    1674 |  20.7 |      17 |      10 |  37.0
     Lair:1 |    5459 |     599 |   9.9 |      20 |       3 |  13.0
     Lair:2 |    1724 |    4753 |  73.4 |       9 |      43 |  82.7
     Lair:3 |    3914 |     474 |  10.8 |      18 |       1 |   5.3
     Lair:4 |    1869 |     563 |  23.1 |       8 |       8 |  50.0
     Lair:5 |    5647 |     402 |   6.6 |      14 |       4 |  22.2
     Lair:6 |    5805 |    6347 |  52.2 |      20 |      16 |  44.4
   Shoals:1 |    4854 |    3423 |  41.4 |      11 |       4 |  26.7
      Orc:1 |    1884 |    2970 |  61.2 |      29 |      12 |  29.3
      Orc:2 |    3464 |   11869 |  77.4 |      60 |      57 |  48.7
      Elf:1 |   16811 |   10368 |  38.1 |      30 |      16 |  34.8
      Elf:2 |   11897 |   19768 |  62.4 |      22 |      22 |  50.0
    Ossuary |       0 |     612 | 100.0 |       0 |      14 | 100.0
      IceCv |       0 |    5515 | 100.0 |       0 |      20 | 100.0
            +---------+---------+-------+---------+---------+-------
